cohdb
Replays
Latest Replays
All Replays
Popular Replays
Top Player Replays
Match Explorer
How It Works
Community
CoH3 Stats
Reddit
Sign in to upload your games and track your stats! →
Sign in with Steam
2 min AFK not problem
Match 23259979
Overview
Messages
Build Orders
End
Construct Barracks
Selects Armored Battlegroup
Selects Veteran Crews
Riflemen Squad
Riflemen Squad
Riflemen Squad
Grenade Package
Engineer Squad
Construct Weapon Support Center
Selects Fast Deploy
Sniper
Construct Medical Station
Bazooka Squad
Bazooka Squad
Bazooka Squad
Selects Seek and Destroy
Selects M4A3E8 Sherman Combat Group
M4A3E8 Sherman Combat Group
Seek and Destroy
Reakly
lc60
0
0
Comments
sign in to comment!
No comments posted yet!